 Dungeon Sprint DCSS version 0.29.0-13-gc9e81de378 (webtiles) character file.

Game seed: 11715468846942770695

107 Gataka the Trooper (level 4, -1/47 HPs)
             Began as a Hill Orc Fighter on Sept 9, 2022.
             Slain by Sigmund
             ... wielding a +0 scythe
              (3 damage)
             ... in the Dungeon (Sprint I: "Red Sonja").
             The game lasted 00:06:39 (114 turns).

Gataka the Trooper (Hill Orc Fighter)                Turns: 114, Time: 00:06:39

Health: -1/47      AC: 10    Str: 18    XL:     4   Next: 86%
Magic:  4/4        EV:  9    Int:  8    God:
Gold:   54         SH:  0    Dex: 12    Spells: 3/3 levels left

rFire   + . .      SeeInvis .   a - +0 war axe
rCold   . . .      Faith    .   c - +0 buckler
rNeg    . . .      Spirit   .   f - +3 scale mail {rF+}
rPois   .          Reflect  .   (no helmet)
rElec   .          Harm     .   (no cloak)
rCorr   .          Rampage  .   (no gloves)
Will    .....      NoTele   +   (no boots)
Stlth   ..........              (no amulet)
HPRegen 0.15/turn               (no ring)
MPRegen 0.09/turn               (no ring)

@: confused
A: no striking features
a: no special abilities


You were in the Dungeon.
You visited 1 branch You collected 54 gold pieces.

Inventory:

Hand Weapons
 a - a +0 war axe (weapon)
 e - a +0 dagger
 t - a +0 giant club
Armour
 b - a +0 scale mail
 c - a +0 buckler (worn)
 f - a +3 scale mail of fire resistance (worn)
Wands
 d - a wand of iceblast (6)
Scrolls
 j - a scroll of blinking
Potions
 h - 2 potions of magic
 i - 2 potions of berserk rage


   Skills:
 + Level 7.0 Fighting
 + Level 5.3 Axes
 + Level 5.8 Armour
 + Level 1.1 Dodging
 + Level 6.1 Shields
 + Level 0.2 Evocations


You had 3 spell levels left.
You didn't know any spells.
Your spell library was empty.

Dungeon Overview and Level Annotations

Branches:
Dungeon (1/1)

Altars:

Annotations:
D Sigmund


Message History

You see here the goblin corpse of Ijyb.
There is an open door here.
You feel a little less mighty now. As you open the door, it creaks loudly!
Found 54 gold pieces.
There is an open door here.
You now have 27 gold pieces.
You now have 54 gold pieces (gained 27).
There is an open door here.
You open the door.
Sigmund the Dreaded comes into view.
He is wielding a +0 scythe.
Sigmund shouts!
Aiming: Iceblast
Press: ? - help, Q - select action Shift-Dir - straight line, f - Sigmund
Aim: Sigmund, wielding a +0 scythe and wearing a +0 robe The mass of ice explodes!
The iceblast engulfs Sigmund!
Sigmund is heavily wounded.
Sigmund casts a spell at you.
You are confused.
You are too confused!
Sigmund casts a spell at you. You resist with some effort.
You are too confused!
Sigmund points at you and mumbles some strange words.
You resist with some effort.
There is an open door here.
Sigmund barely misses you.
There is an open door here.
Sigmund hits you from afar with a +0 scythe.
* * * LOW HITPOINT WARNING * * *
You are too confused!
You're too confused to move!
You feel less confused.
Sigmund points at you and mumbles some strange words.
You are confused.
Sigmund barely misses you.
Unknown command.
You bump into the stone wall.
Sigmund hits you from afar with a +0 scythe.
You die...

#############
#<.#..'..#..+
#..'†.#..@..#
#..#####'####
#†.# #.@#
#..# ####
#..# #⌠⌠#
####


You could see Sigmund.

Vanquished Creatures
  An ogre (D)
  Ijyb (D)
2 creatures vanquished.

Notes
Turn   | Place    | Note
-------+----------+-------------------------------------------
     0 | D        | Gataka the Hill Orc Fighter began the quest for the Orb.
     0 | D        | Reached XP level 1. HP: 19/19 MP: 1/1
     2 | D        | Noticed Ijyb
    23 | D        | Killed Ijyb
    24 | D        | Reached skill level 5 in Fighting
    24 | D        | Reached XP level 2. HP: 5/29 MP: 2/2
    24 | D        | Reached XP level 3. HP: 7/36 MP: 3/3
    55 | D        | Noticed an ogre
    64 | D        | HP: 1/36 [ogre/+0 giant club (9)]
    71 | D        | Killed an ogre
    72 | D        | Reached skill level 7 in Fighting
    72 | D        | Reached skill level 5 in Axes
    72 | D        | Reached skill level 5 in Armour
    72 | D        | Reached skill level 1 in Dodging
    72 | D        | Reached XP level 4. HP: 2/47 MP: 4/4
   103 | D        | Noticed Sigmund
   110 | D        | HP: 1/47 [Sigmund/+0 scythe (6)]
   114 | D        | Slain by Sigmund

Illustrated notes

Levels and vault maps discovered:
D:        dungeon_sprint_1 [red_sonja_temple_1, red_sonja_temple_small_1]

Skill      XL: |  1  2  3 |
---------------+----------+-----
Fighting       | 5 7 |  7.0
Axes           | 4 5 |  5.3
Armour         | 4 5 |  5.8
Shields        | 4 6 |  6.1
Dodging        | 1 |  1.1
Evocations     | |  0.2

Action                   |  1- 3 |  4- 6 || total
-------------------------+-------+-------++-------
Melee: War axe           |    16 |       ||    16
Evoke: Wand              |     2 |     1 ||     3
  Use: Potion            |     4 |       ||     4
Armor: Scale mail        |     9 |       ||     9
Dodge: Dodged            |    10 |     2 ||    12
Block: Buckler           |     5 |       ||     5
